Match 43960696
Unlisted

Match 43960696
End
Royal Engineer Section
Construct Section Command Post
Infantry Section
Infantry Section
Infantry Section
Construct Field Infirmary
Construct Platoon Command Post
Selects Heavy Armor Battlegroup
Selects Engineer Detachments
Humber Armored Car
Infantry Training
Royal Engineer Section
Royal Engineer Section
Humber Armored Car
HulkSMASH
tomorin
0
0

Comments sign in to comment!

No comments posted yet!